| TOP OF THE 1ST |
|
Louisville Bats batting - Pitching for Indianapolis Indians : RHP Jeremy Parsnip
|
|
Pitching: RHP Jeremy Parsnip
|
|
|
Batting: RHB Willie Lazcano
|
0-0: Ball 1-0: Called Strike 1-1: Swinging Strike 1-2: Ball 2-2: Strikes out swinging
|
|
Batting: RHB Chase Briney
|
0-0: Ball 1-0: Called Strike 1-1: Foul Ball, location: 2F 1-2: Fly out, F9 (Flyball, 9, EV 90.0 MPH)
|
|
Batting: LHB Randy Racine
|
0-0: Ball 1-0: Ball 2-0: Called Strike 2-1: Called Strike 2-2: Ball 3-2: Strikes out swinging
|
| Top of the 1st over - 0 runs, 0 hits, 0 errors, 0 left on base; Louisville 0 - Indianapolis 0 |
| BOTTOM OF THE 1ST |
|
Indianapolis Indians batting - Pitching for Louisville Bats : LHP William Lobo
|
|
Pitching: LHP William Lobo
|
|
|
Batting: LHB Jorge Quintana
|
0-0: Ball 1-0: Ball 2-0: Swinging Strike 2-1: Foul Ball, location: 2F 2-2: SINGLE (Groundball, 25, EV 69.4 MPH) (infield hit)
|
|
Batting: RHB David Contreras
|
0-0: Ball 1-0: Ball 2-0: Called Strike 2-1: Ball 3-1: Foul Ball, location: 2F 3-2: Base on Balls Jorge Quintana to second
|
|
Batting: RHB Mike Cochran
|
0-0: Ball 1-0: Grounds into double play, 4-6-3 (Groundball, 4M, EV 88.8 MPH) Jorge Quintana to third
|
|
Batting: LHB Pat Sutton
|
0-0: Swinging Strike 0-1: Called Strike 0-2: Ball 1-2: Ground out 1-3 (Groundball, 13S, EV 73.1 MPH)
|
| Bottom of the 1st over - 0 runs, 1 hit, 0 errors, 1 left on base; Louisville 0 - Indianapolis 0 |
| TOP OF THE 2ND |
|
Louisville Bats batting - Pitching for Indianapolis Indians : RHP Jeremy Parsnip
|
|
Batting: RHB Jason Harris
|
0-0: Ball 1-0: Called Strike 1-1: Ball 2-1: Ball 3-1: Foul Ball, location: 2F 3-2: Foul Ball, location: 2F 3-2: Fly out, F7 (Flyball, 7D, EV 76.9 MPH)
|
|
Batting: SHB Freddie Farrar
|
0-0: Called Strike 0-1: Ball 1-1: SINGLE (Groundball, 34D, EV 98.8 MPH) (infield hit)
|
|
Batting: RHB Danny Real
|
0-0: Swinging Strike 0-1: Ball 1-1: Called Strike 1-2: Foul Ball, location: 2F 1-2: Strikes out looking
|
|
Batting: SHB Paul Sandoval
|
0-0: Ball 1-0: Ball 2-0: Swinging Strike 2-1: Fielders Choice at 2nd, 6-4 (Groundball, 6, EV 93.1 MPH)
|
| Top of the 2nd over - 0 runs, 1 hit, 0 errors, 1 left on base; Louisville 0 - Indianapolis 0 |
| BOTTOM OF THE 2ND |
|
Indianapolis Indians batting - Pitching for Louisville Bats : LHP William Lobo
|
|
Batting: LHB Marc Carter
|
0-0: Ball 1-0: Ball 2-0: Ball 3-0: Called Strike 3-1: Ground out 5-3 (Groundball, 5, EV 109.4 MPH)
|
|
Batting: RHB Bubba Tierney
|
0-0: Foul Ball, location: 2F 0-1: Swinging Strike 0-2: Ball 1-2: Fly out, F8 (Line Drive, 8RD, EV 97.5 MPH)
|
|
Batting: SHB Ben Myers
|
0-0: Ball 1-0: Foul Ball, location: 2F 1-1: Ball 2-1: Ball 3-1: Foul Ball, location: 2F 3-2: Base on Balls
|
|
Batting: RHB Kirk Seiffert
|
0-0: Ball 1-0: Ground out 4-3 (Groundball, 4, EV 88.8 MPH)
|
| Bottom of the 2nd over - 0 runs, 0 hits, 0 errors, 1 left on base; Louisville 0 - Indianapolis 0 |
| TOP OF THE 3RD |
|
Louisville Bats batting - Pitching for Indianapolis Indians : RHP Jeremy Parsnip
|
|
Batting: RHB Gerald de Vries
|
0-0: SINGLE (Line Drive, 89M, EV 90.0 MPH)
|
|
Batting: RHB Yasusaburo Kuwahara
|
0-0: Grounds into double play, 6-4-3 (Groundball, 6, EV 83.1 MPH)
|
|
Batting: RHB Willie Lazcano
|
0-0: Fly out, F8 (Flyball, 89D, EV 89.4 MPH)
|
| Top of the 3rd over - 0 runs, 1 hit, 0 errors, 0 left on base; Louisville 0 - Indianapolis 0 |
| BOTTOM OF THE 3RD |
|
Indianapolis Indians batting - Pitching for Louisville Bats : LHP William Lobo
|
|
Batting: RHB Toshimi Shishido
|
0-0: SINGLE (Groundball, 56, EV 100.6 MPH)
|
|
Batting: LHB Jorge Quintana
|
0-0: Ball 1-0: Ball 2-0: Foul Ball, location: 2F 2-1: Reached via error on a dropped throw from 1B, E1 (Groundball, 34S, EV 83.1 MPH) Toshimi Shishido to second
|
|
Batting: RHB David Contreras
|
0-0: Foul Ball, location: 2F 0-1: Ball 1-1: Foul Ball, location: 2F 1-2: Ball 2-2: Ball 3-2: Foul Ball, location: 2F 3-2: SINGLE (Groundball, 6MS, EV 72.5 MPH) (infield hit) Toshimi Shishido to third Jorge Quintana to second
|
|
Batting: RHB Mike Cochran
|
0-0: Called Strike 0-1: Fielders Choice at 2nd, 6-4 (Groundball, 6M, EV 100.0 MPH) Toshimi Shishido scores Jorge Quintana to third
|
|
Batting: LHB Pat Sutton
|
0-0: SINGLE (Line Drive, 7S, EV 87.5 MPH) Jorge Quintana scores Mike Cochran to second
|
|
Batting: LHB Marc Carter
|
0-0: SINGLE (Line Drive, 5D, EV 105.6 MPH) Mike Cochran to third Pat Sutton to second
|
|
Batting: RHB Bubba Tierney
|
0-0: Swinging Strike 0-1: Called Strike 0-2: Fly out, F9 (Line Drive, 9S, EV 108.1 MPH)
|
|
Batting: SHB Ben Myers
|
0-0: Ball 1-0: Foul Ball, location: 2F 1-1: Ball 2-1: Foul Ball, location: 2F 2-2: Ball 3-2: DOUBLE (Line Drive, 9LS, EV 93.1 MPH) Mike Cochran scores Pat Sutton scores Marc Carter to third Marc Carter scores
|
|
Pitching: LHP Jeff Wall
|
|
|
Batting: RHB Kirk Seiffert
|
0-0: Called Strike 0-1: TRIPLE (Flyball, 78XD, EV 102.5 MPH) Ben Myers scores
|
|
Batting: RHB Toshimi Shishido
|
0-0: Ball 1-0: Foul Ball, location: 2F 1-1: Foul Ball, location: 2F 1-2: Foul Ball, location: 2F 1-2: Strikes out swinging
|
| Bottom of the 3rd over - 6 runs, 6 hits, 1 error, 1 left on base; Louisville 0 - Indianapolis 6 |
| TOP OF THE 4TH |
|
Louisville Bats batting - Pitching for Indianapolis Indians : RHP Jeremy Parsnip
|
|
Batting: RHB Chase Briney
|
0-0: Ball 1-0: Ball 2-0: Called Strike 2-1: Ball 3-1: Called Strike 3-2: Ground out 6-3 (Groundball, 6, EV 102.5 MPH)
|
|
Batting: LHB Randy Racine
|
0-0: Ball 1-0: Ball 2-0: Ground out 5-3 (Groundball, 56, EV 86.9 MPH)
|
|
Batting: RHB Jason Harris
|
0-0: Swinging Strike 0-1: Ball 1-1: Ball 2-1: Called Strike 2-2: Foul Ball, location: 2F 2-2: Fly out, F9 (Line Drive, 9, EV 88.8 MPH)
|
| Top of the 4th over - 0 runs, 0 hits, 0 errors, 0 left on base; Louisville 0 - Indianapolis 6 |
| BOTTOM OF THE 4TH |
|
Indianapolis Indians batting - Pitching for Louisville Bats : LHP Jeff Wall
|
|
Batting: LHB Jorge Quintana
|
0-0: Ball 1-0: Foul Ball, location: 2F 1-1: Swinging Strike 1-2: Ground out 6-3 (Groundball, 6, EV 108.1 MPH)
|
|
Batting: RHB David Contreras
|
0-0: Swinging Strike 0-1: Foul Ball, location: 2F 0-2: Ball 1-2: Foul Ball, location: 2F 1-2: Ball 2-2: Strikes out looking
|
|
Batting: RHB Mike Cochran
|
0-0: SOLO HOME RUN (Flyball, 78XD, EV 113.8 MPH), Distance : 438 ft
|
|
Batting: LHB Pat Sutton
|
0-0: Ball 1-0: SINGLE (Line Drive, 8RS, EV 100.0 MPH)
|
|
Batting: LHB Marc Carter
|
0-0: Called Strike 0-1: Ball 1-1: Ball 2-1: Ground out 4-3 (Groundball, 4, EV 88.8 MPH)
|
| Bottom of the 4th over - 1 run, 2 hits, 0 errors, 1 left on base; Louisville 0 - Indianapolis 7 |
| TOP OF THE 5TH |
|
Louisville Bats batting - Pitching for Indianapolis Indians : RHP Jeremy Parsnip
|
|
Batting: SHB Freddie Farrar
|
0-0: Ball 1-0: Called Strike 1-1: Ball 2-1: Ball 3-1: Fly out, F8 (Flyball, 8LD, EV 98.8 MPH)
|
|
Batting: RHB Danny Real
|
0-0: Ball 1-0: Foul Ball, location: 2F 1-1: Ball 2-1: Foul Ball, location: 2F 2-2: Ground out 6-3 (Groundball, 56, EV 86.9 MPH)
|
|
Batting: SHB Paul Sandoval
|
0-0: Called Strike 0-1: Foul Ball, location: 2F 0-2: Ball 1-2: Ball 2-2: Ground out 6-3 (Groundball, 56, EV 79.4 MPH)
|
| Top of the 5th over - 0 runs, 0 hits, 0 errors, 0 left on base; Louisville 0 - Indianapolis 7 |
| BOTTOM OF THE 5TH |
|
Indianapolis Indians batting - Pitching for Louisville Bats : LHP Jeff Wall
|
|
Batting: RHB Bubba Tierney
|
0-0: Called Strike 0-1: Swinging Strike 0-2: Ball 1-2: Ball 2-2: Strikes out looking
|
|
Batting: SHB Ben Myers
|
0-0: SINGLE (Line Drive, 34D, EV 98.8 MPH)
|
|
Batting: RHB Kirk Seiffert
|
0-0: Fielders Choice at 2nd, 1-6 (Groundball, 13, EV 63.1 MPH)
|
|
Batting: RHB Toshimi Shishido
|
0-0: Ball 1-0: Swinging Strike 1-1: Swinging Strike 1-2: Ball 2-2: Strikes out swinging
|
| Bottom of the 5th over - 0 runs, 1 hit, 0 errors, 1 left on base; Louisville 0 - Indianapolis 7 |
| TOP OF THE 6TH |
|
Louisville Bats batting - Pitching for Indianapolis Indians : RHP Jeremy Parsnip
|
|
Batting: RHB Gerald de Vries
|
0-0: Ball 1-0: Ball 2-0: Ball 3-0: Called Strike 3-1: Base on Balls
|
|
Batting: RHB Yasusaburo Kuwahara
|
0-0: Foul Ball, location: 2F 0-1: Foul Ball, location: 2F 0-2: Ball 1-2: Strikes out looking
|
|
Batting: RHB Willie Lazcano
|
0-0: Swinging Strike 0-1: Ball 1-1: Foul Ball, location: 2F 1-2: Foul Ball, location: 2F 1-2: Grounds into double play, 6-4-3 (Groundball, 6, EV 102.5 MPH)
|
| Top of the 6th over - 0 runs, 0 hits, 0 errors, 0 left on base; Louisville 0 - Indianapolis 7 |
| BOTTOM OF THE 6TH |
|
Indianapolis Indians batting - Pitching for Louisville Bats : LHP Jeff Wall
|
|
Batting: LHB Jorge Quintana
|
0-0: Swinging Strike 0-1: Called Strike 0-2: Ball 1-2: Foul Ball, location: 2F 1-2: Strikes out swinging
|
|
Batting: RHB David Contreras
|
0-0: Fly out, F8 (Flyball, 8LD, EV 88.1 MPH)
|
|
Batting: RHB Mike Cochran
|
0-0: Ball 1-0: Foul Ball, location: 2F 1-1: Ball 2-1: Ground out 4-3 (Groundball, 4M, EV 106.9 MPH)
|
| Bottom of the 6th over - 0 runs, 0 hits, 0 errors, 0 left on base; Louisville 0 - Indianapolis 7 |
| TOP OF THE 7TH |
|
Louisville Bats batting - Pitching for Indianapolis Indians : RHP Jeremy Parsnip
|
|
Batting: RHB Chase Briney
|
0-0: Foul Ball, location: 2F 0-1: Swinging Strike 0-2: Ball 1-2: Fly out, F8 (Flyball, 78D, EV 97.5 MPH)
|
|
Pinch Hitting: RHB Chris Zamora
|
0-0: Called Strike 0-1: Swinging Strike 0-2: Ball 1-2: Ball 2-2: Fly out, F6 (Popup, 6D, EV 46.9 MPH)
|
|
Batting: RHB Jason Harris
|
0-0: Called Strike 0-1: Ground out 4-3 (Groundball, 34, EV 79.4 MPH)
|
| Top of the 7th over - 0 runs, 0 hits, 0 errors, 0 left on base; Louisville 0 - Indianapolis 7 |
| BOTTOM OF THE 7TH |
|
Indianapolis Indians batting - Pitching for Louisville Bats : LHP Jeff Wall
|
|
Now in RF: Chris Zamora
|
|
|
Pinch Hitting: RHB Danny Gallegos
|
0-0: Called Strike 0-1: Ball 1-1: Ball 2-1: Foul Ball, location: 2F 2-2: Foul Ball, location: 2F 2-2: Strikes out swinging
|
|
Batting: LHB Marc Carter
|
0-0: Swinging Strike 0-1: Ball 1-1: SINGLE (Line Drive, 6MD, EV 99.4 MPH)
|
|
Pitching: RHP Whitney Batten
|
|
|
Pinch Hitting: RHB Slamet Pamungkas
|
0-0: SINGLE (Groundball, 34S, EV 67.5 MPH) (infield hit) Marc Carter to second
|
|
Batting: SHB Ben Myers
|
0-0: Called Strike 0-1: Ball 1-1: Grounds into double play, 6-4-3 (Groundball, 6M, EV 99.4 MPH)
|
| Bottom of the 7th over - 0 runs, 2 hits, 0 errors, 1 left on base; Louisville 0 - Indianapolis 7 |
| TOP OF THE 8TH |
|
Louisville Bats batting - Pitching for Indianapolis Indians : RHP Jeremy Parsnip
|
|
Now at SS: Slamet Pamungkas
|
|
|
Now in LF: Danny Gallegos
|
|
|
Batting: SHB Freddie Farrar
|
0-0: Fly out, F9 (Flyball, 9D, EV 87.5 MPH)
|
|
Batting: RHB Danny Real
|
0-0: Ball 1-0: Ball 2-0: Foul Ball, location: 2F 2-1: SOLO HOME RUN (Flyball, 7LD, EV 97.5 MPH), Distance : 349 ft
|
|
Pitching: RHP Mitch Ingerson
|
|
|
Batting: SHB Paul Sandoval
|
0-0: Called Strike 0-1: Foul Ball, location: 2F 0-2: Strikes out swinging
|
|
Batting: RHB Gerald de Vries
|
0-0: Ball 1-0: Foul Ball, location: 2F 1-1: Ball 2-1: Foul Ball, location: 2F 2-2: Ground out 5-3 (Groundball, 56S, EV 68.1 MPH)
|
| Top of the 8th over - 1 run, 1 hit, 0 errors, 0 left on base; Louisville 1 - Indianapolis 7 |
| BOTTOM OF THE 8TH |
|
Indianapolis Indians batting - Pitching for Louisville Bats : RHP Whitney Batten
|
|
Batting: RHB Kirk Seiffert
|
0-0: Called Strike 0-1: Ball 1-1: SINGLE (Groundball, 6M, EV 107.5 MPH) (infield hit)
|
|
Batting: RHB Toshimi Shishido
|
0-0: Foul Ball, location: 2F 0-1: Ball 1-1: Called Strike 1-2: SINGLE (Groundball, 6D, EV 98.1 MPH) Kirk Seiffert to second
|
|
Batting: LHB Jorge Quintana
|
0-0: Ball 1-0: Swinging Strike 1-1: Foul Ball, location: 2F 1-2: Ball 2-2: Strikes out looking
|
|
Batting: RHB David Contreras
|
0-0: Ball 1-0: Called Strike 1-1: Ball 2-1: Ball 3-1: Grounds into double play, 5-4-3 (Groundball, 5, EV 84.4 MPH)
|
| Bottom of the 8th over - 0 runs, 2 hits, 0 errors, 1 left on base; Louisville 1 - Indianapolis 7 |
| TOP OF THE 9TH |
|
Louisville Bats batting - Pitching for Indianapolis Indians : RHP Mitch Ingerson
|
|
Batting: RHB Yasusaburo Kuwahara
|
0-0: Called Strike 0-1: Ball 1-1: SINGLE (Popup, 3D, EV 63.8 MPH)
|
|
Batting: RHB Willie Lazcano
|
0-0: Ball 1-0: Fly out, F9 (Flyball, 9LD, EV 106.2 MPH)
|
|
Batting: RHB Chase Briney
|
0-0: Called Strike 0-1: Ball 1-1: Ball 2-1: Grounds into double play, 6-4-3 (Groundball, 6, EV 89.4 MPH)
|
| Top of the 9th over - 0 runs, 1 hit, 0 errors, 0 left on base; Louisville 1 - Indianapolis 7 |
|